 Dungeon Sprint DCSS version 0.30-a0-465-g8901f6c8b5 (webtiles) character file.

Game seed: 3205177024203123296

79228 mhtbhm the Minotaur Barricade (level 15, -6/173 HPs)
             Began as a Minotaur Fighter on Dec 18, 2022.
             Was the Champion of Trog.
             Killed from afar by a white draconian stormcaller (9 damage)
             ... with a blast of cold
             ... in the Dungeon (Sprint V: "Ziggurat Sprint").
             The game lasted 00:17:20 (2362 turns).

mhtbhm the Minotaur Barricade (Minotaur Fighter)    Turns: 2362, Time: 00:17:20

Health: -6/173     AC: 24    Str: 40    XL:     15   Next: 20%
Magic:  14/14      EV:  3    Int:  5    God:    Trog [******]
Gold:   4          SH: 35    Dex: 10    Spells: 14/14 levels left

rFire   + . .      SeeInvis +    a - +14 obsidian axe {vorpal, Mesm Drain Fly SInv}
rCold   + . .      Faith    .    c - +18 shield of the Gong {rElec rN+ Will+ EV-5}
rNeg    + . .      Spirit   .    b - +5 gold dragon scales
rPois   +          Reflect  .    N - +2 hat {Will+}
rElec   +          Harm     .    (no cloak)
rCorr   .          Rampage  .    (no gloves)
Will    +++..      NoTele   +    (no boots)
Stlth   ..........               E - amulet of regeneration
HPRegen 1.28/turn                z - +6 ring of strength
MPRegen 0.14/turn                A - +6 ring of strength

@: lethally poisoned (-6 -> -6), corroded, on berserk cooldown, flying,
mesmerised, slowed, studying 3 skills, very slow
A: horns 2, retaliatory headbutt, screaming 1
a: Renounce Religion, Berserk, Trog's Hand, Brothers in Arms


You were in the Dungeon.
You worshipped Trog.
Trog was exalted by your worship.
You visited 1 branch You collected 4 gold pieces.

Inventory:

Hand Weapons
 a - the +14 obsidian axe (weapon) {vorpal, Mesm Drain Fly SInv}
   (You found it in the Dungeon)

   It inflicts extra damage upon your enemies.
   It occasionally summons demons to assist the wielder when it strikes in
   combat.
   Its wielder is mesmerised by any visible foes.
   It cannot be unequipped while any foes are visible.
   SInv:      It lets you see invisible.
   Fly:       It grants you flight.
   Drain:     It drains your maximum health when unequipped.
 C - the +8 mithril axe "Arga" {speed, Will+}
   (You found it in the Dungeon)

   Attacks with this weapon are significantly faster.
   Will:      It increases your willpower.
 Q - a +5 vorpal broad axe
Missiles
 T - 4 curare-tipped darts (quivered)
Armour
 b - +5 gold dragon scales (worn)
 c - the +18 shield of the Gong (worn) {rElec rN+ Will+ EV-5}
   (You found it in the Dungeon)

   It is deafeningly noisy when blocking attacks.
   EV:        It affects your evasion (-5).
   rElec:     It insulates you from electricity.
   rN:        It protects you from negative energy.
   Will:      It increases your willpower.
 N - a +2 hat of willpower (worn)
Jewellery
 r - a ring of positive energy
 u - a ring of resist corrosion
 v - a +4 ring of slaying
 z - a +6 ring of strength (left hand)
 A - a +6 ring of strength (right hand)
 E - an amulet of regeneration (around neck)
 G - the ring "Xirghaodgh" {rC+ Will+ Str+2}
   (You found it in the Dungeon)

   [ring of willpower]

   Str:       It affects your strength (+2).
   rC:        It protects you from cold.
   Will:      It increases your willpower.
 K - the amulet of the Feral God {Reflect rF+++ rN+++ Will- Str-3 SH+5}
   (You found it in the Dungeon)

   [amulet of reflection]

   It reflects blocked missile attacks.
   Str:       It affects your strength (-3).
   rF:        It renders you almost immune to fire.
   rN:        It renders you almost immune to negative energy.
   SH:        It affects your SH (+5).
   Will:      It decreases your willpower.
Wands
 s - a wand of mindburst (7)
 t - a wand of quicksilver (21)
 O - a wand of roots (9)
Scrolls
 j - 4 scrolls of blinking
 p - 7 scrolls of fog
 q - 2 scrolls of identify
 y - 12 scrolls of enchant weapon
 S - 2 scrolls of brand weapon
Potions
 d - 8 potions of might
 e - 10 potions of curing
 f - 27 potions of heal wounds
 g - 10 potions of haste
 h - 7 potions of magic
 i - 2 potions of berserk rage
 k - 2 potions of brilliance
 l - 2 potions of invisibility
 m - 4 potions of resistance
 n - a potion of experience
 J - 2 potions of mutation
 L - a potion of attraction
 U - a potion of cancellation {unknown}
Miscellaneous
 w - a phantom mirror
 x - a tin of tremorstones (2/2)
 B - a lightning rod (4/4)
 D - a box of beasts
 H - a condenser vane


   Skills:
 + Level 26.4 Fighting
 + Level 26.6 Axes
 + Level 23.8 Armour
 - Level 1.3 Stealth
 O Level 27 Shields
 + Level 10.2 Evocations


You had 14 spell levels left.
You didn't know any spells.
Your spell library was empty.

Dungeon Overview and Level Annotations

Branches:
Dungeon (1/1)

Altars:
Ashenzari
Cheibriados
Dithmenos
Elyvilon
Fedhas
Gozag
Hepliaklqana
Kikubaaqudgha
Makhleb
Nemelex Xobeh
Okawaru
Qazlal
Ru
Sif Muna
Trog
Uskayaw
Vehumet
Wu Jian
Xom
Yredelemnul
Zin
The Shining One
Jiyva
Lugonu


Innate Abilities, Weirdness & Mutations

You have a pair of horns on your head.
You reflexively headbutt those who attack you in melee.
You occasionally shout uncontrollably at your foes.


Message History

You feel yourself slow down.
Your chaos spawn gores the red draconian scorcher.
Your rust devil misses the yellow draconian.
Unknown command.
Unknown command.
Blink to where?
Press: ? - help, Dir - move target
Okay, then.
Unknown command.
You feel much better.
Visions of slaying the purple draconian flood into your mind.
You feel sick.
The purple draconian shifter looks more healthy.
The purple draconian breathes dispelling energy at you.
The bolt of dispelling energy hits you!!
Your magical effects are unravelling.
* * * LOW HITPOINT WARNING * * *
The bolt of dispelling energy hits your rust devil!!
You block the yellow draconian's attack.
BOUMMMMG!
The yellow draconian hits your rust devil with a +0 hand axe!
You block the purple draconian's attack.
BOUMMMMG!
The white draconian stormcaller invokes the aid of Qazlal against you.
Qazlal smites you!
* * * LOW HITPOINT WARNING * * *
The purple draconian shifter mumbles some strange words.
The purple draconian shifter blinks!
The red draconian scorcher hits your hellwing with a +0 dagger.
The yellow draconian annihilator casts a spell.
The yellow draconian annihilator blinks!
The green draconian hits you but does no damage.
Your hellwing hits the red draconian scorcher. x2
Your rust devil closely misses the yellow draconian.
Your chaos spawn closely misses the red draconian scorcher.
You block the purple draconian's attack.
BONNNG!
The white draconian stormcaller breathes frost at you.
The blast of cold hits you! You resist.
You die...

▓........
..::).:))..|}..▓....†...
..§§[|=[§)§§§..▓.....)..
..§§§...§§§§...▓.)▓.....
....§...○§§....▓.▓.▓.)..
....§..q.......▓..▓..)..
.....qd.d....§.▓........
.....d)dq.q....▓...)..©.
.....q4@d°°....▓▓▓▓▓▓▓▓▓
...▓.d4)4..▓... .
▓.▓.....▓§▓ .
...▓......°▓...
...............
.......©.......
▓▓▓▓▓▓▓▓▓▓▓▓▓▓▓


You could see a yellow draconian, 2 draconians, 3 draconians, a purple draconian
shifter, a white draconian stormcaller (catching breath), a yellow draconian
annihilator, 2 draconians, a friendly hellwing (summoned), a friendly rust devil
(summoned) and a friendly chaos spawn (summoned, very poisoned).

Vanquished Creatures
  A royal mummy (D)
  A pandemonium lord (D)
  A bone dragon (D)
  Nikola (D)
  A Hell Sentinel (D)
  A deep elf master archer (D)
  A deep elf blademaster (D)
  Gastronok (D)
  Frances (D)
  Agnes (D)
  A draconian monk (D)
  Donald (D)
  Roxanne (D)
  An azure jelly (D)
  A nagaraja (D)
  A draconian knight (D)
  A rockslime (D)
  A vault warden (D)
  2 deep elf sorcerers (D)
  A deep elf elementalist (D)
  Aizul (D)
  A quicksilver ooze (D)
  A very ugly thing (D)
  An ironbound thunderhulk (D)
  4 red draconians (D)
  Nessos (D)
  2 green draconians (D)
  A deep elf annihilator (D)
  A lorocyproca (D)
  2 yellow draconians (D)
  6 purple draconians (D)
  Snorg (D)
  2 great orbs of eyes (D)
  7 deep elf high priests (D)
  A peacekeeper (D)
  Erica (D)
  2 anacondas (D)
  3 dancing weapons (D)
  6 naga warriors (D)
  Urug (D)
  A deep elf knight (D)
  Nergalle (D)
  A harpy (shapeshifter) (D)
  A deep elf zephyrmancer (D)
  3 shining eyes (D)
  3 ugly things (D)
  2 draconians (D)
  Maurice (D)
  2 guardian serpents (D)
  6 black mambas (D)
  A naga mage (D)
  An eye of devastation (D)
  Joseph (D)
  A vault sentinel (D)
  An orange demon (D)
  Psyche (D)
  An unseen horror (shapeshifter) (D)
  An efreet (D)
  2 komodo dragons (shapeshifter) (D)
  A hellwing (D)
  7 merfolk (D)
  Grinder (D)
  A wind drake (D)
  A snapping turtle (shapeshifter) (D)
  3 slime creatures (D)
  Sigmund (D)
  2 ynoxinuls (D)
  Eustachio (D)
  3 large abominations (D)
  4 golden eyes (D)
  2 chaos spawn (D)
  A redback (shapeshifter) (D)
  Menkaure (D)
  3 nagas (D)
  Duvessa (D)
  3 water moccasins (D)
  An orc warrior (D)
  A black bear (shapeshifter) (D)
  2 phantoms (D)
  Blork the orc (D)
  2 necrophages (D)
  An earth elemental (D)
  A scorpion (shapeshifter) (D)
  A wight (D)
  2 crimson imps (D)
  2 orc priests (D)
  Crazy Yiuf (D)
  Jessica (D)
  Ijyb (D)
  2 orc wizards (D)
  Terence (D)
  3 mummies (D)
  6 adders (D)
  2 white imps (D)
  2 adder skeletons (D)
  2 orcs (D)
  6 ball pythons (D)
  3 bat skeletons (D)
  2 bat zombies (D)
  3 endoplasms (D)
  A ball python skeleton (D)
  3 ball python zombies (D)
  A jackal skeleton (D)
187 creatures vanquished.

Vanquished Creatures (collateral kills)
  Saint Roka (D)
  A deep elf blademaster (D)
  A deep elf sorcerer (D)
  A purple draconian (D)
  Azrael (D)
  A deep elf annihilator (D)
  A centaur warrior (D)
  A naga warrior (D)
  A dancing weapon (D)
  Sonja (D)
  A deep elf zephyrmancer (D)
  2 black mambas (D)
  2 naga magi (D)
  A red devil (D)
  A flying skull (D)
  2 neqoxecs (D)
  Edmund (D)
  An orc warrior (D)
  Dowan (D)
  An orc priest (D)
  2 white imps (D)
25 creatures vanquished.

Vanquished Creatures (others)
  A purple draconian (D)
  A soul eater (D)
  A fire elemental (D)
3 creatures vanquished.

Grand Total: 215 creatures vanquished

Notes
Turn   | Place    | Note
-------+----------+-------------------------------------------
     0 | D        | mhtbhm the Minotaur Fighter began the quest for the Orb.
     0 | D        | Reached XP level 1. HP: 19/19 MP: 0/0
    16 | D        | Found a shimmering blue altar of Sif Muna.
    16 | D        | Found a bloodstained altar of Trog.
    16 | D        | Found a sacrificial altar of Ru.
    16 | D        | Found a stormy altar of Qazlal.
    16 | D        | Found an iron altar of Okawaru.
    17 | D        | Found a sparkling altar of Nemelex Xobeh.
    17 | D        | Found a blossoming altar of Fedhas.
    17 | D        | Found the +6 Majin-Bo {vamp, MP+6 Int+6}
    17 | D        | Found the +27 heavy crossbow "Sniper" {vorpal, Acc+∞ SInv}
    17 | D        | Found the +10 dark maul {vorpal}
    17 | D        | Found the +15 Maxwell's patent armour {-Cast -Tele rElec
                  | Will+ rCorr}
    17 | D        | Found the +18 shield of the Gong {rElec rN+ Will+ EV-5}
    17 | D        | Found the +14 obsidian axe {vorpal, Mesm Drain Fly SInv}
    17 | D        | Found the +7 great mace "Firestarter" {inner flame, rF++}
    17 | D        | Found the +6 shillelagh "Devastator" {shatter}
    17 | D        | Found the +11 plutonium sword {Contam Stlth-}
    17 | D        | Found the +8 lance "Wyrmbane" {slay drac, rPois rF+ rC+
                  | AC+3}
    17 | D        | Found the +9 sword of Zonguldrok {reap}
    17 | D        | Found the +13 scythe of Curses {drain, Drain}
    17 | D        | Found the +5 sword of Power {vorpal}
    17 | D        | Found the +7 mace of Variability {chain chaos}
    17 | D        | Found the +7 Singing Sword {vorpal, sonic wave}
    17 | D        | Found the +8 storm bow {elec, penet}
    21 | D        | Found a transporter.
    21 | D        | Found an ancient bone altar of Kikubaaqudgha.
    21 | D        | Found a viscous altar of Jiyva.
    21 | D        | Found a corrupted altar of Lugonu.
    21 | D        | Found a hazy altar of Hepliaklqana.
    21 | D        | Found a burning altar of Makhleb.
    21 | D        | Found an opulent altar of Gozag.
    74 | D        | Became a worshipper of Trog the Wrathful
    86 | D        | Entered arena 2.
    86 | D        | Noticed a draconian
    86 | D        | Noticed a draconian
    86 | D        | Found a transporter.
    90 | D        | Killed a draconian
    91 | D        | Reached skill level 8 in Shields
    91 | D        | Reached XP level 2. HP: 20/37 MP: 1/1
    91 | D        | Reached XP level 3. HP: 24/44 MP: 2/2
    91 | D        | Reached XP level 4. HP: 27/50 MP: 3/3
    91 | D        | Reached XP level 5. HP: 31/57 MP: 4/4
    91 | D        | Reached XP level 6. HP: 35/64 MP: 5/5
    92 | D        | Killed a draconian
    93 | D        | Reached skill level 10 in Shields
    93 | D        | Reached XP level 7. HP: 41/74 MP: 6/6
   227 | D        | Entered arena 3.
   227 | D        | Found a transporter.
   230 | D        | Reached * piety under Trog
   232 | D        | Reached ** piety under Trog
   317 | D        | Entered arena 4.
   317 | D        | Noticed a green ugly thing
   317 | D        | Noticed a brown ugly thing
   317 | D        | Found a transporter.
   321 | D        | Killed a brown ugly thing
   322 | D        | Reached skill level 11 in Shields
   322 | D        | Reached skill level 1 in Evocations
   322 | D        | Reached XP level 8. HP: 72/83 MP: 7/7
   324 | D        | Killed a brown ugly thing
   324 | D        | Reached *** piety under Trog
   325 | D        | Reached skill level 10 in Axes
   325 | D        | Reached skill level 12 in Shields
   392 | D        | Entered arena 5.
   392 | D        | Found a transporter.
   400 | D        | Reached **** piety under Trog
   407 | D        | Entered arena 6.
   407 | D        | Found the amulet of the Air {Inacc Air Fly rElec RMsl}
   407 | D        | Noticed a vault warden
   407 | D        | Noticed a centaur warrior
   407 | D        | Noticed an ironbound thunderhulk
   407 | D        | Noticed a vault sentinel
   407 | D        | Noticed a peacekeeper
   407 | D        | Found a transporter.
   411 | D        | Killed a peacekeeper
   412 | D        | Reached skill level 13 in Shields
   412 | D        | Reached XP level 9. HP: 93/93 MP: 8/8
   414 | D        | Killed a vault sentinel
   415 | D        | Killed a centaur warrior
   419 | D        | Killed a vault warden
   419 | D        | Reached ***** piety under Trog
   420 | D        | Reached skill level 15 in Armour
   420 | D        | Reached skill level 14 in Shields
   420 | D        | Reached XP level 10. HP: 89/103 MP: 9/9
   430 | D        | Killed an ironbound thunderhulk
   593 | D        | Entered arena 7.
   593 | D        | Found the +8 Wrath of Trog {antimagic, *Rage Rampage}
   594 | D        | Found a transporter.
   602 | D        | Received a gift from Trog
   701 | D        | Entered arena 8.
   701 | D        | Noticed a royal mummy
   702 | D        | Found a transporter.
   706 | D        | Noticed a death scarab
   706 | D        | Noticed a death scarab
   706 | D        | Noticed a death scarab
   706 | D        | Noticed a death scarab
   713 | D        | Noticed an emperor scorpion
   713 | D        | Noticed an emperor scorpion
   713 | D        | Killed a royal mummy
   713 | D        | Received a gift from Trog
   714 | D        | Reached skill level 15 in Fighting
   714 | D        | Reached skill level 15 in Shields
   956 | D        | Entered arena 9.
   958 | D        | Reached ****** piety under Trog
   959 | D        | Found a transporter.
   965 | D        | Reached XP level 11. HP: 113/113 MP: 10/10
  1070 | D        | Entered arena 10.
  1071 | D        | Found a transporter.
  1077 | D        | Received a gift from Trog
  1080 | D        | Reached skill level 16 in Shields
  1084 | D        | Received a gift from Trog
  1164 | D        | Entered arena 11.
  1165 | D        | Found a transporter.
  1198 | D        | Entered arena 12.
  1198 | D        | Noticed Reys the pandemonium lord
  1198 | D        | Noticed a soul eater
  1198 | D        | Noticed a Hell Sentinel
  1198 | D        | Noticed a lorocyproca
  1203 | D        | Received a gift from Trog
  1208 | D        | Killed a soul eater
  1210 | D        | Killed a Hell Sentinel
  1211 | D        | Reached skill level 17 in Shields
  1213 | D        | Killed a lorocyproca
  1216 | D        | Killed Reys the pandemonium lord
  1217 | D        | Received a gift from Trog
  1222 | D        | Found a transporter.
  1223 | D        | Reached skill level 18 in Shields
  1418 | D        | Entered arena 13.
  1418 | D        | Noticed a shining eye
  1418 | D        | Noticed a two-headed ogre
  1418 | D        | Noticed an entropy weaver
  1418 | D        | a two-headed ogre changed into a mana viper
  1418 | D        | Noticed a mana viper (glowing shapeshifter)
  1418 | D        | an entropy weaver changed into a harpy
  1418 | D        | Noticed a harpy (shapeshifter)
  1418 | D        | Noticed a brown very ugly thing
  1418 | D        | Noticed a swamp dragon
  1419 | D        | Noticed a red ugly thing
  1419 | D        | a mana viper changed into a jumping spider
  1420 | D        | a swamp dragon changed into a shock serpent
  1420 | D        | Noticed a shock serpent (glowing shapeshifter)
  1421 | D        | a dream sheep changed into a shock serpent
  1421 | D        | Noticed a shock serpent (glowing shapeshifter)
  1421 | D        | a shock serpent changed into a mana viper
  1421 | D        | Noticed a mana viper (glowing shapeshifter)
  1422 | D        | Killed a harpy
  1423 | D        | Found a transporter.
  1423 | D        | a mana viper changed into a lindwurm
  1423 | D        | Noticed a lindwurm (glowing shapeshifter)
  1424 | D        | Lost intelligence.
  1425 | D        | a culicivora changed into a death drake
  1425 | D        | Noticed a death drake (glowing shapeshifter)
  1427 | D        | a shock serpent changed into a snapping turtle
  1428 | D        | a death drake changed into a komodo dragon
  1428 | D        | Gained mutation: You occasionally shout uncontrollably at
                  | your foes. [a shining eye]
  1430 | D        | Reached XP level 12. HP: 125/125 MP: 11/11
  1431 | D        | Killed a red very ugly thing
  1435 | D        | Received a gift from Trog
  1500 | D        | Entered arena 14.
  1501 | D        | Noticed a bone dragon
  1504 | D        | Found a transporter.
  1507 | D        | Received a gift from Trog
  1514 | D        | Killed a bone dragon
  1515 | D        | Reached skill level 19 in Shields
  1519 | D        | Received a gift from Trog
  1563 | D        | Got the ring "Xirghaodgh" {rC+ Will+ Str+2}
  1578 | D        | Entered arena 15.
  1579 | D        | Noticed Edmund
  1579 | D        | Noticed Sigmund
  1579 | D        | Noticed Terence
  1579 | D        | Noticed Dowan
  1579 | D        | Noticed Maurice
  1579 | D        | Noticed Crazy Yiuf
  1580 | D        | Noticed Psyche
  1580 | D        | Noticed Azrael
  1580 | D        | Noticed Blork the orc
  1580 | D        | Noticed Nikola
  1581 | D        | Found a transporter.
  1584 | D        | Killed Crazy Yiuf
  1584 | D        | Killed Edmund
  1586 | D        | Killed Blork the orc
  1586 | D        | Killed Terence
  1588 | D        | Killed Sigmund
  1589 | D        | Killed Azrael
  1589 | D        | Received a gift from Trog
  1590 | D        | Killed Psyche
  1593 | D        | Killed Nikola
  1594 | D        | Reached skill level 20 in Shields
  1595 | D        | Killed Maurice
  1595 | D        | Received a gift from Trog
  1598 | D        | Killed Dowan
  1681 | D        | Entered arena 16.
  1682 | D        | Noticed Grinder
  1682 | D        | Noticed Ijyb
  1682 | D        | Noticed Erica
  1682 | D        | Noticed Joseph
  1682 | D        | Noticed Frances
  1682 | D        | Noticed Agnes
  1683 | D        | Identified the +10 war axe of Tumm {vorpal, *Rage Dex+7}
  1683 | D        | Noticed Nessos
  1683 | D        | Noticed Gastronok
  1683 | D        | Noticed Menkaure
  1683 | D        | Noticed Nergalle
  1683 | D        | Noticed Donald
  1683 | D        | Noticed Jessica
  1687 | D        | Killed Agnes
  1687 | D        | Killed Grinder
  1687 | D        | Killed Ijyb
  1688 | D        | Found a transporter.
  1689 | D        | Killed Frances
  1689 | D        | Received a gift from Trog
  1689 | D        | Killed Jessica
  1689 | D        | Killed Menkaure
  1690 | D        | Killed Erica
  1692 | D        | Killed Joseph
  1693 | D        | Killed Nergalle
  1693 | D        | Received a gift from Trog
  1696 | D        | Killed Nessos
  1697 | D        | Reached skill level 1 in Stealth
  1697 | D        | Reached XP level 13. HP: 116/139 MP: 12/12
  1699 | D        | Killed Gastronok
  1700 | D        | Killed Donald
  1771 | D        | Entered arena 17.
  1776 | D        | Received a gift from Trog
  1777 | D        | Found a transporter.
  1779 | D        | Received a gift from Trog
  1780 | D        | Reached skill level 21 in Shields
  1870 | D        | Got the amulet of the Feral God {Reflect rF+++ rN+++ Will-
                  | Str-3 SH+5}
  1919 | D        | Entered arena 18.
  1922 | D        | Noticed a quicksilver ooze
  1924 | D        | Received a gift from Trog
  1924 | D        | Noticed a rockslime
  1924 | D        | Noticed an azure jelly
  1925 | D        | Killed a quicksilver ooze
  1926 | D        | Received a gift from Trog
  1930 | D        | Reached skill level 5 in Evocations
  1932 | D        | Reached skill level 22 in Shields
  1932 | D        | Killed an azure jelly
  1932 | D        | Received a gift from Trog
  1933 | D        | Killed a rockslime
  1934 | D        | Found the +8 mithril axe "Arga" {speed, Will+}
  1934 | D        | Found the +8 demon blade "Leech" {vamp, Harm Drain rN+}
  1935 | D        | Found a transporter.
  1984 | D        | Entered arena 19.
  1984 | D        | Identified the ring of Gozag's Castigation {Wiz rC- MP+9
                  | Int+9 Stlth-}
  1984 | D        | Noticed Duvessa
  1990 | D        | Killed Duvessa
  1992 | D        | Noticed Sonja
  1992 | D        | Noticed Snorg
  1993 | D        | Identified the +3 broad axe of Elly {freeze, Stlth+}
  1993 | D        | Noticed Saint Roka
  1993 | D        | Noticed Urug
  1995 | D        | Noticed Eustachio
  1996 | D        | Killed Sonja
  1997 | D        | Killed Snorg
  1999 | D        | Killed Urug
  1999 | D        | Received a gift from Trog
  2000 | D        | Noticed Aizul
  2001 | D        | Killed Saint Roka
  2003 | D        | Identified Roxanne's Omnibus of Sculpting
  2003 | D        | Noticed Roxanne
  2004 | D        | Found a transporter.
  2007 | D        | Killed Aizul
  2009 | D        | Killed Eustachio
  2020 | D        | Killed Roxanne
  2020 | D        | Received a gift from Trog
  2021 | D        | Reached skill level 23 in Shields
  2069 | D        | Entered arena 20.
  2075 | D        | Noticed a nagaraja
  2081 | D        | Received a gift from Trog
  2086 | D        | Reached XP level 14. HP: 157/157 MP: 13/13
  2090 | D        | Received a gift from Trog
  2093 | D        | Found a transporter.
  2100 | D        | Killed a nagaraja
  2100 | D        | Received a gift from Trog
  2101 | D        | Reached skill level 24 in Shields
  2126 | D        | Got the ring "Picwaruim" {rF+ Will+ Str+2}
  2132 | D        | Got the ring of Upoisauq {Ice rPois Str+3 Int+7 Dex-2}
  2153 | D        | Entered arena 21.
  2157 | D        | Noticed a deep elf blademaster
  2157 | D        | Noticed a deep elf elementalist
  2158 | D        | Noticed a deep elf blademaster
  2158 | D        | Noticed a deep elf master archer
  2158 | D        | Noticed a deep elf sorcerer
  2158 | D        | Noticed a deep elf sorcerer
  2158 | D        | Noticed a deep elf sorcerer
  2161 | D        | Received a gift from Trog
  2162 | D        | Killed a deep elf blademaster
  2164 | D        | Killed a deep elf sorcerer
  2164 | D        | Received a gift from Trog
  2164 | D        | Killed a deep elf master archer
  2165 | D        | Reached skill level 25 in Shields
  2165 | D        | Killed a deep elf blademaster
  2166 | D        | Killed a deep elf elementalist
  2166 | D        | Received a gift from Trog
  2167 | D        | Killed a deep elf sorcerer
  2167 | D        | Killed a deep elf sorcerer
  2167 | D        | Received a gift from Trog
  2168 | D        | Reached skill level 26 in Shields
  2177 | D        | Found a transporter.
  2178 | D        | Received a gift from Trog
  2331 | D        | Entered arena 22.
  2335 | D        | Noticed a red draconian scorcher
  2335 | D        | Noticed a green draconian monk
  2335 | D        | Noticed a yellow draconian annihilator
  2336 | D        | Identified the +10 rapier of Overwhelming Force {holy, Fly
                  | rN+ Dex+5}
  2338 | D        | Noticed a purple draconian shifter
  2338 | D        | Noticed a black draconian knight
  2338 | D        | Noticed a white draconian stormcaller
  2341 | D        | Identified the amulet "Gaan" {Faith Rampage rPois Dex+6
                  | Stlth-}
  2341 | D        | Noticed a red draconian scorcher
  2348 | D        | Reached skill level 27 in Shields
  2348 | D        | Received a gift from Trog
  2349 | D        | Reached skill level 10 in Evocations
  2351 | D        | Killed a green draconian monk
  2354 | D        | Reached XP level 15. HP: 58/170 MP: 14/14
  2357 | D        | Killed a black draconian knight
  2357 | D        | Received a gift from Trog
  2362 | D        | HP: 3/173 [white draconian stormcaller/divine providence
                  | (10)]
  2362 | D        | Killed from afar by a white draconian stormcaller

Illustrated notes

Levels and vault maps discovered:
D:        sprint_v [room_start, room_1, room_2, room_3, room_4, room_5, room_6,
          room_7, room_8, room_9, room_10, room_11, room_12, room_13, room_14,
          room_15, room_16, room_17, room_18, room_19, room_20, room_21,
          room_22, room_23, room_24, room_25, room_26, room_27]

Skill      XL: |  1  2  3  4  5  6  7  8  9 10 11 12 13 14 15 |
---------------+----------------------------------------------+-----
Fighting       | 9 11 12 13 14 15 17 20 23 25 26 | 26.4
Axes           | 6 8 9 11 13 16 20 22 24 25 26 | 26.6
Armour         | 9 11 12 13 15 16 17 18 19 22 23 | 23.8
Shields        | 8 10 11 13 14 15 18 20 23 27 | 27.0
Evocations     | 1 2 3 4 7 10 | 10.2
Stealth        | 1 |  1.3

Action                   |  1- 3 |  4- 6 |  7- 9 | 10-12 | 13-15 || total
-------------------------+-------+-------+-------+-------+-------++-------
Melee: Broad axe         |     3 |     2 |    20 |   101 |    79 ||   205
       Headbutt          |       |       |     2 |    17 |    13 ||    32
Invok: Berserk           |       |       |     1 |     7 |     2 ||    10
       Brothers in Arms  |       |       |       |       |     1 ||     1
Evoke: Lightning rod     |       |       |     4 |       |     7 ||    11
       Tin of tremorston |       |       |       |     2 |     3 ||     5
       Phantom mirror    |       |       |       |     2 |       ||     2
       Condenser vane    |       |       |       |     1 |     6 ||     7
  Use: Potion            |     1 |       |       |     2 |     3 ||     6
       Scroll            |       |       |       |       |     6 ||     6
 Stab: Distracted        |       |       |       |     1 |     1 ||     2
       Confused          |       |       |       |     1 |       ||     1
Armor: Gold dragon scale |     1 |       |     7 |    45 |    31 ||    84
Dodge: Dodged            |       |       |       |     5 |     6 ||    11
Block: Kite shield       |     1 |     1 |    28 |   130 |   124 ||   284

Table legend: (Time is in decaauts)
 A = Elapsed time spent in this place.
 B = Non-inter-level travel time spent in this place.
 C = Inter-level travel time spent in this place.
 D = Time resting spent in this place.
 E = Time spent auto-exploring this place.
 F = Levels seen in this place.
 G = Mean time per level.
                   A        B        C        D        E       F      G
               +--------+--------+--------+--------+--------+-----+--------+
         Total |   2402 |   2402 |      0 |   1397 |     11 |   1 | 2402.0 |
       Dungeon |   2402 |   2402 |      0 |   1397 |     11 |   1 | 2402.0 |
               +--------+--------+--------+--------+--------+-----+--------+

Top non-repeatable levels by time:
       D: 2402 daAuts
